 Dungeon Crawl Stone Soup version 0.26-a0-639-g72c4674329 (webtiles) character file.

Game seed: 10211259033051412183

469 PentaManta the Chopper (level 7, -11/52 HPs)
             Began as a Formicid Abyssal Knight on Sept 19, 2020.
             Was a Believer of Lugonu.
             Mangled by an orc warrior
             ... wielding a +3 battleaxe
              (15 damage)
             ... on level 5 of the Dungeon.
             The game lasted 00:13:42 (4830 turns).

PentaManta the Chopper (Formicid Abyssal Knight)    Turns: 4830, Time: 00:13:42

Health: -11/52     AC:  6    Str: 19    XL:     7   Next: 30%
Magic:  6/8        EV: 10    Int: 11    God:    Lugonu [**....]
Gold:   304        SH:  0    Dex: 16    Spells: 6/6 levels left

rFire    . . .     SeeInvis +   n - +4 mace
rCold    . . .     Faith    .   (no shield)
rNeg     . . .     Spirit   .   y - +0 scale mail (curse)
rPois    .         Reflect  .   (helmet unavailable)
rElec    .         Harm     .   (no cloak)
rCorr    .         Rampage  .   (no gloves)
MR       .....                  (no boots)
Stlth    ..........             j - amulet of the acrobat
HPRegen  0.17/turn              k - +6 ring of dexterity
MPRegen  0.11/turn              (no ring)

@: no status effects
A: permanent stasis, dig shafts and tunnels, four strong arms, antennae 3
a: Dig, Shaft Self, Depart the Abyss, Bend Space, Renounce Religion


You were on level 5 of the Dungeon.
You worshipped Lugonu.
Lugonu was pleased with you.
You visited 2 branches of the dungeon, and saw 6 of its levels.
You visited the Abyss 1 time.

You collected 304 gold pieces.

Inventory:

Hand Weapons
 a - a +1 hand axe
 n - a +4 mace (weapon)
 p - a +1 whip of draining
Missiles
 e - 38 sling bullets
 g - 125 stones
 h - 7 boomerangs
 i - 24 poisoned darts (quivered)
Armour
 q - a +0 chain mail
 v - a +0 plate armour
 y - a cursed +0 scale mail (worn)
Jewellery
 d - an uncursed amulet of faith {unknown}
 j - an amulet of the acrobat (around neck)
 k - a +6 ring of dexterity (left hand)
Wands
 f - a wand of flame (20)
Scrolls
 b - 2 scrolls of remove curse
Potions
 c - 2 potions of mutation
 l - 2 potions of magic {unknown}
 m - 2 potions of might {unknown}
 r - 2 potions of lignification
 s - a potion of haste {unknown}
 t - 2 potions of brilliance {unknown}
 u - a potion of ambrosia {unknown}
 w - a potion of berserk rage {unknown}
 x - a potion of stabbing {unknown}


   Skills:
 - Level 3.2 Fighting
 + Level 7.4 Axes
 - Level 2.1 Armour
 - Level 0.8 Dodging
 - Level 2.1 Invocations


You had 6 spell levels left.
You didn't know any spells.
Your spell library contained the following spells:

 Spells                   Type           Power        Failure   Level
 Apportation              Tloc           #.....       71%         1
 Lesser Beckoning         Tloc           #.........   97%         3
 Teleport Other           Tloc           #.......     97%         3
 Iskenderun's Mystic Bla  Conj/Tloc      #.......     100%        4
 Passage of Golubria      Tloc           N/A          100%        4


Dungeon Overview and Level Annotations

Branches:
Dungeon (5/15)             Temple (1/1) D:4

Altars:
Ashenzari
Cheibriados
Dithmenos
Elyvilon
Fedhas
Gozag
Hepliaklqana
Kikubaaqudgha
Makhleb
Nemelex Xobeh
Okawaru
Qazlal
Ru
Sif Muna
Trog
Uskayaw
Vehumet
Wu Jian
Xom
Yredelemnul
Zin
The Shining One


Innate Abilities, Weirdness & Mutations

You cannot be hasted, slowed, berserked, paralysed or teleported.
You can dig through walls and to a lower floor.
Your four strong arms can wield two-handed weapons with a shield.
You have a pair of large antennae on your head. (SInv)


Message History

The orc warrior misses you.
You hit the orc warrior.
The orc warrior is moderately wounded.
An orc priest comes into view. It is wielding a +0 club.
The orc warrior hits you with a +3 battleaxe!
You thump the orc warrior!
The orc warrior is heavily wounded.
An orc comes into view.
The orc warrior hits you with a +3 battleaxe!
You closely miss the orc warrior.
The orc warrior is heavily wounded.
The orc warrior hits you with a +3 battleaxe!
* * * LOW HITPOINT WARNING * * *
Space bends around you!
You blink.
The orc hits you but does no damage.
The orc wizard gestures at you while chanting.
The puff of frost misses you. The orc priest hits you with a +0 club.
* * * LOW HITPOINT WARNING * * *
Space bends around you!
You blink.
The orc warrior hits you with a +3 battleaxe!
You die...

#. #.# ### #.. ..#
#.# #.# ##.## #.#
##...###.########
#....oo@...>....#
#.##..§o##.######.#
#.......##.# #.#
#####.####.# #.#
#.. ..# #.# ####'##
### #.### ......##
#...# ##.....##
#####.# ##.......##
##.###.#


You could see an orc warrior, an orc priest and an orc wizard.

Vanquished Creatures
  An ogre (D:4)
  A bullfrog (D:4)
  A scorpion (D:4)
  A howler monkey (D:4)
  An orc priest (D:5)
  An iguana (D:4)
  2 worker ants (D:4)
  A howler monkey skeleton (D:4)
  4 adders
  An ooze (D:2)
  3 worms
  6 leopard geckos
  An orc (D:4)
  A ball python (D:1)
  12 giant cockroaches
  7 goblins
  8 hobgoblins
  A quokka (D:2)
  4 bats
  6 frilled lizards
  5 kobolds
  A quokka skeleton (D:4)
  9 rats
78 creatures vanquished.

Notes
Turn   | Place    | Note
-------+----------+-------------------------------------------
     0 | Abyss:1  | PentaManta the Formicid Abyssal Knight began the quest for
                  | the Orb.
     0 | Abyss:1  | Reached XP level 1. HP: 18/18 MP: 2/2
    38 | Abyss:1  | Noticed a golden eye
   191 | Abyss:1  | Noticed a large abomination
   277 | Abyss:1  | Noticed a lorocyproca
   359 | Abyss:2  | Noticed a starcursed mass
   362 | Abyss:2  | Noticed a hellion
   362 | Abyss:2  | Noticed a ynoxinul
   376 | D:1      | Escaped the Abyss
   528 | D:1      | Reached * piety under Lugonu
   612 | D:1      | Reached XP level 2. HP: 24/24 MP: 3/3
   724 | D:1      | Reached skill level 3 in Axes
  1193 | D:1      | Reached XP level 3. HP: 27/29 MP: 4/4
  1621 | D:2      | Reached skill level 4 in Axes
  1621 | D:2      | Reached XP level 4. HP: 25/35 MP: 5/5
  1753 | D:2      | Found a bloodstained altar of Trog.
  2041 | D:2      | Reached ** piety under Lugonu
  2781 | D:3      | Found an opulent altar of Gozag.
  2833 | D:3      | Reached XP level 5. HP: 39/41 MP: 6/6
  2959 | D:3      | Found a stormy altar of Qazlal.
  2959 | D:3      | Found a radiant altar of Vehumet.
  2960 | D:3      | Found a shattered altar of Ashenzari.
  3022 | D:3      | Found a shimmering blue altar of Sif Muna.
  3187 | D:4      | Reached skill level 5 in Axes
  3289 | D:4      | Noticed a bullfrog
  3295 | D:4      | Killed a bullfrog
  3295 | D:4      | Reached skill level 6 in Axes
  3295 | D:4      | Reached XP level 6. HP: 31/47 MP: 7/7
  3475 | D:4      | Found a staircase to the Ecumenical Temple.
  3502 | D:4      | Noticed an ogre
  3507 | D:4      | Killed an ogre
  3531 | Temple   | Entered the Ecumenical Temple
  3869 | D:4      | Reached skill level 7 in Axes
  3869 | D:4      | Reached XP level 7. HP: 20/52 MP: 8/8
  4579 | D:4      | Identified the Catalogue of Translocation
  4708 | D:5      | Entered Level 5 of the Dungeon
  4830 | D:5      | Mangled by an orc warrior

Illustrated notes

Levels and vault maps discovered:
D:1:      psy_arrival_radial01, layout_loops_cross, minmay_curled_crystal,
          corexii_leaking_fountain, minmay_split_cup_large
D:2:      minmay_spotlight, layout_basic, bloody_trog
D:3:      layout_loops_ring, nicolae_overflow_quartered_altars,
          grunt_gozag_statues
D:4:      layout_loops_ring, minmay_temple_entry_enclosed_plants
D:5:      layout_loops_corners
Temple:   eino_temple_scatter_basement

Skill      XL: |  1  2  3  4  5  6 |
---------------+-------------------+-----
Axes           | 3 4 6 7 |  7.4
Fighting       | |  3.2
Armour         | |  2.1
Dodging        | |  0.8
Invocations    | |  2.1

Action                   |  1- 3 |  4- 6 |  7- 9 || total
-------------------------+-------+-------+-------++-------
Melee: Hand axe          |    41 |       |       ||    41
       Mace              |    37 |   134 |    22 ||   193
Invok: Depart the Abyss  |     1 |       |       ||     1
       Bend Space        |       |       |     2 ||     2
 Abil: Dig               |     2 |     1 |       ||     3
  Use: Scroll            |       |     8 |     1 ||     9
Armor: Ring mail         |    23 |    11 |       ||    34
       Scale mail        |       |    31 |     9 ||    40
Dodge: Dodged            |    31 |    74 |    11 ||   116

Table legend: (Time is in decaauts)
 A = Elapsed time spent in this place.
 B = Non-inter-level travel time spent in this place.
 C = Inter-level travel time spent in this place.
 D = Time resting spent in this place.
 E = Time spent auto-exploring this place.
 F = Levels seen in this place.
 G = Mean time per level.
                   A        B        C        D        E       F      G
               +--------+--------+--------+--------+--------+-----+--------+
         Total |   4892 |   4688 |    204 |    604 |   2858 |   8 |  611.5 |
       Dungeon |   4329 |   4142 |    187 |    568 |   2691 |   5 |  865.8 |
        Temple |    185 |    168 |     17 |      0 |    167 |   1 |  185.0 |
         Abyss |    377 |    377 |      0 |     36 |      0 |   2 |  188.5 |
               +--------+--------+--------+--------+--------+-----+--------+

Top non-repeatable levels by time:
     D:4: 1371 daAuts
     D:1: 1176 daAuts
     D:2: 1019 daAuts
     D:3: 636 daAuts
 Abyss:1: 317 daAuts
  Temple: 185 daAuts
     D:5: 124 daAuts
 Abyss:2: 60 daAuts
